 Dungeon Sprint DCSS version 0.17-a0-2127-g1cb09f6 (webtiles) character file.

6549 esc the Commander (level 10, -5/89 HPs)
             Began as a Demonspawn Gladiator on Oct 22, 2015.
             Was a High Priest of Okawaru.
             Slain by a catoblepas (11 damage)
             ... in the Dungeon (Sprint IX: "|||||||||||||||||||||||||||||").
             The game lasted 00:10:20 (2409 turns).

esc the Commander (Demonspawn Gladiator)            Turns: 2409, Time: 00:10:20

Health: -5/89      AC: 19    Str: 16    XL:     10   Next: 70%
Magic:  20/20      EV:  9    Int: 10    God:    Okawaru [*****.]
Gold:   14         SH:  0    Dex: 19    Spells: 0 memorised, 9 levels left

rFire  . . .     SeeInvis .     b - +2 halberd (protect)
rCold  + . .     Clarity  .     t - +1 scale mail
rNeg   . . .     SustAt   .     (no shield)
rPois  .         Gourm    .     (helmet restricted)
rElec  .         Spirit   .     (no cloak)
rCorr  .         Warding  .     q - +0 pair of gloves
rMut   .         NoTele   +     (no boots)
MR     .....                    (no amulet)
Stlth  ..........               r - +2 ring of protection
                                s - +3 ring of dexterity

@: petrifying, very slow, not resistant to hostile enchantments, extremely
unstealthy
A: antennae 2, icy blue scales 1, cold resistance 1, freezing cloud immunity
a: Heroism, Finesse, Renounce Religion


You were in the Dungeon.
You worshipped Okawaru.
Okawaru was extremely pleased with you.
You were not hungry.

You visited 1 branch You collected 14 gold pieces.

Inventory:

Hand Weapons
 b - a +2 halberd of protection (weapon)
   (You found it in the Dungeon)
Missiles
 d - 3 throwing nets {=f, !d}
 y - 8 tomahawks of returning (quivered)
Armour
 q - a +0 pair of gloves (worn)
   (You found it in the Dungeon)
 t - a +1 scale mail (worn)
   (You found it in the Dungeon)
Magical Staves
 o - an uncursed staff of energy {@w1+MP, hungerless spells, !d!a}
   (You found it in the Dungeon)
Jewellery
 r - a +2 ring of protection (right hand)
   (You found it in the Dungeon)
 s - a +3 ring of dexterity (left hand)
   (You found it in the Dungeon)
Wands
 p - a wand of fire (0)
   (You found it in the Dungeon)
Scrolls
 k - 2 scrolls of blinking {!r}
 m - 5 scrolls of remove curse
 n - 2 scrolls of amnesia
 u - 3 scrolls of fog
 v - 2 scrolls of enchant weapon
 w - 2 scrolls of enchant armour
Potions
 a - a potion of resistance
 c - a potion of cure mutation {!q}
 e - a potion of agility
 f - 5 potions of curing
 h - a potion of haste
 i - 4 potions of magic
 j - a potion of invisibility


   Skills:
 + Level 12.0 Fighting
 + Level 11.2 Polearms
 - Level 1.7 Throwing
 + Level 10.9 Armour
 + Level 11.2 Dodging
 + Level 13.6 Invocations


You had 9 spell levels left.
You didn't know any spells.

Dungeon Overview and Level Annotations

Branches:
Dungeon (1/1)

Altars:
Cheibriados
Dithmenos
Elyvilon
Fedhas
Gozag
Kikubaaqudgha
Makhleb
Nemelex Xobeh
Okawaru
Qazlal
Ru
Sif Muna
Trog
Vehumet
Xom
Yredelemnul
Zin
The Shining One
Beogh
Jiyva
Lugonu


Innate Abilities, Weirdness & Mutations

You have a pair of antennae on your head.
You are partially covered in icy blue scales (AC +1).
Your flesh is cold resistant.
You are immune to freezing clouds.


Message History

You are engulfed in calcifying dust.
The catoblepas gores you!
You are engulfed in calcifying dust.
The catoblepas completely misses you.
You are engulfed in calcifying dust.
The catoblepas gores you!!
You are engulfed in calcifying dust.
The catoblepas stomps with a crash on the ground.
The catoblepas breathes a plume of calcifying dust at you.
The blast of calcifying dust hits you! The catoblepas gores you! x2
The catoblepas gores you!!
The catoblepas breathes a plume of calcifying dust at you.
The blast of calcifying dust hits you!
You are engulfed in calcifying dust.
The catoblepas gores you but does no damage.
You turn to flesh and can move again.
You take 42 damage, and have 28/89 hp.
MASSIVE DAMAGE!!
Unknown command.
Unknown command.
Unknown command.
Unknown command.
Unknown command.
You hit the catoblepas.
You are engulfed in calcifying dust.
You are slowing down.
The catoblepas gores you!
* * * LOW HITPOINT WARNING * * *
You take 5 damage, and have 23/89 hp.
Unknown command.
Unknown command.
Unknown command.
You hit the catoblepas.
You are engulfed in calcifying dust.
Your limbs have turned to stone.
The catoblepas gores you!!
* * * LOW HITPOINT WARNING * * *
You have turned to stone.
The catoblepas breathes a plume of calcifying dust at you.
The blast of calcifying dust hits you!
You are engulfed in calcifying dust.
The catoblepas breathes a plume of calcifying dust at you.
The blast of calcifying dust hits you!
* * * LOW HITPOINT WARNING * * *
You are engulfed in calcifying dust.
The catoblepas gores you.
* * * LOW HITPOINT WARNING * * *
You are engulfed in calcifying dust.
The catoblepas barely misses you.
You are engulfed in calcifying dust.
The catoblepas breathes a plume of calcifying dust at you.
The blast of calcifying dust hits you!
You are engulfed in calcifying dust.
The catoblepas gores you but does no damage. x2
The catoblepas breathes a plume of calcifying dust at you.
The blast of calcifying dust hits you!
You are engulfed in calcifying dust.
The catoblepas gores you but does no damage.
You are engulfed in calcifying dust.
The catoblepas gores you but does no damage.
You turn to flesh and can move again.
You take 19 damage, and have 4/89 hp.
MASSIVE DAMAGE!!
Unknown command.
Unknown command.
Unknown command.
Unknown command.
Unknown command.
Unknown command.
Unknown command.
Unknown command.
Unknown command.
Unknown command.
Drink which item? (? for menu, Esc to quit)
You feel much better.
You are engulfed in calcifying dust.
The catoblepas gores you!!
* * * LOW HITPOINT WARNING * * *
Drink which item? (? for menu, Esc to quit)
Okay, then.
You hit the catoblepas.
The catoblepas breathes a plume of calcifying dust at you.
The blast of calcifying dust hits you!
You puncture the catoblepas!
You are engulfed in calcifying dust.
The catoblepas gores you but does no damage.
You slash the catoblepas!
You are engulfed in calcifying dust.
The catoblepas breathes a plume of calcifying dust at you.
The blast of calcifying dust hits you!
You hit the catoblepas.
You are engulfed in calcifying dust.
The catoblepas gores you but does no damage.
You hit the catoblepas but do no damage.
You are engulfed in calcifying dust.
You hit the catoblepas but do no damage.
You are engulfed in calcifying dust.
You are slowing down.
The catoblepas gores you!
You die...

▓▓▓▓▓▓▓▓▓▓▓▓▓▓▓▓▓▓▓▓▓▓▓▓▓▓▓▓▓▓▓▓▓
)...'_____________________'.....[
▓▓▓▓▓▓▓▓▓▓▓▓▓▓▓▓▓▓▓▓▓▓▓▓▓▓▓▓▓▓▓▓▓
.................................
▓▓▓▓▓▓▓▓▓▓▓▓▓▓▓▓▓▓▓▓▓▓▓▓▓▓▓▓▓▓▓▓▓
..'.........'..Y@§..§.'.......)..
▓▓▓▓▓▓▓▓▓▓▓▓▓▓▓▓▓▓▓▓▓▓▓▓▓▓▓▓▓▓▓▓▓
{ { {{{


{{{{{{{{{{{{ {{{{{{{{{{{{{ You could see a catoblepas.

Vanquished Creatures
  A hydra (D)
  2 death yaks (D)
  A hill giant (D)
  An oklob plant (D)
  A cyclops (D)
  2 black mambas (D)
  2 spiny frogs (D)
  A komodo dragon (D)
  4 yaks (D)
  A hippogriff (D)
  2 wolves (D)
  An eye of draining (D)
  2 porcupines (D)
  A water moccasin (D)
  An ogre (D)
  2 centaurs (D)
  4 giant frogs (D)
  A scorpion (D)
  An iguana (D)
  A worker ant (D)
  A river rat (D)
  An adder skeleton (D)
  3 orcs (D)
  A bat (D)
  A bat zombie (D)
  3 goblins (D)
  A hobgoblin (D)
  A quokka (D)
44 creatures vanquished.

Notes
Turn   | Place    | Note
--------------------------------------------------------------
     0 | D        | esc the Demonspawn Gladiator began the quest for the Orb.
     0 | D        | Reached XP level 1. HP: 16/16 MP: 1/1
     6 | D        | Reached skill level 3 in Dodging
     7 | D        | Reached skill level 3 in Polearms
     7 | D        | Reached skill level 1 in Armour
    27 | D        | Noticed a scorpion
    27 | D        | Noticed an ogre
    35 | D        | Gained mutation: Your flesh is cold resistant. [demonic ancestry]
    35 | D        | Reached XP level 2. HP: 17/23 MP: 2/2
    36 | D        | HP: 5/34 [ogre/giant spiked club (13)]
    38 | D        | Killed an ogre
    38 | D        | Reached skill level 4 in Fighting
    38 | D        | Reached skill level 4 in Polearms
    38 | D        | Reached skill level 3 in Armour
    38 | D        | Reached skill level 4 in Dodging
    38 | D        | Gained mutation: You have a pair of small antennae on your head. [demonic ancestry]
    38 | D        | Reached XP level 3. HP: 5/31 MP: 3/3
    38 | D        | Gained mutation: You have a pair of antennae on your head. [demonic ancestry]
    38 | D        | Reached XP level 4. HP: 6/38 MP: 4/4
    41 | D        | Killed a scorpion
    41 | D        | Reached skill level 5 in Fighting
    41 | D        | Reached skill level 5 in Polearms
    41 | D        | Reached skill level 4 in Armour
    41 | D        | Reached skill level 5 in Dodging
    41 | D        | Reached XP level 5. HP: 6/44 MP: 5/5
    50 | D        | Found a glowing silver altar of Zin.
    50 | D        | Found a glowing golden altar of the Shining One.
    50 | D        | Found an ancient bone altar of Kikubaaqudgha.
    50 | D        | Found a basalt altar of Yredelemnul.
    50 | D        | Found a shimmering altar of Xom.
    50 | D        | Found a radiant altar of Vehumet.
    51 | D        | Found an iron altar of Okawaru.
    52 | D        | Found a burning altar of Makhleb.
    53 | D        | Found a deep blue altar of Sif Muna.
    54 | D        | Found a bloodstained altar of Trog.
    55 | D        | Found a sparkling altar of Nemelex Xobeh.
    56 | D        | Found a white marble altar of Elyvilon.
    57 | D        | Found a roughly hewn altar of Beogh.
    58 | D        | Found a viscous altar of Jiyva.
    59 | D        | Found a corrupted altar of Lugonu.
    61 | D        | Became a worshipper of Warmaster Okawaru
    63 | D        | Found a blossoming altar of Fedhas.
    64 | D        | Found a snail-covered altar of Cheibriados.
    65 | D        | Found a shadowy altar of Dithmenos.
    66 | D        | Found a stormy altar of Qazlal.
    67 | D        | Found an opulent altar of Gozag.
    68 | D        | Found a sacrificial altar of Ru.
   317 | D        | Noticed a centaur
   317 | D        | Noticed an eye of draining
   317 | D        | Noticed a centaur
   317 | D        | Noticed a giant frog
   324 | D        | Killed a giant frog
   324 | D        | Reached skill level 2 in Invocations
   333 | D        | Killed a centaur
   333 | D        | Reached skill level 6 in Fighting
   333 | D        | Reached skill level 6 in Polearms
   333 | D        | Reached skill level 5 in Armour
   333 | D        | Reached skill level 6 in Dodging
   333 | D        | Reached skill level 4 in Invocations
   333 | D        | Reached XP level 6. HP: 42/52 MP: 1/9
   345 | D        | Killed an eye of draining
   345 | D        | Reached skill level 5 in Invocations
   360 | D        | Killed a centaur
   360 | D        | Reached * piety under Okawaru
   360 | D        | Reached skill level 7 in Fighting
   360 | D        | Reached skill level 6 in Armour
   457 | D        | Noticed a worker ant
   457 | D        | Noticed a hill giant
   457 | D        | Noticed a cyclops
   457 | D        | Noticed a yak
   457 | D        | Noticed a giant frog
   461 | D        | Killed a giant frog
   461 | D        | Reached skill level 7 in Polearms
   461 | D        | Reached skill level 7 in Dodging
   461 | D        | Reached skill level 6 in Invocations
   461 | D        | Reached XP level 7. HP: 54/60 MP: 8/11
   467 | D        | Killed a worker ant
   469 | D        | Killed a yak
   469 | D        | Reached skill level 7 in Invocations
   471 | D        | Killed a hill giant
   471 | D        | Reached skill level 8 in Fighting
   471 | D        | Reached skill level 8 in Polearms
   471 | D        | Reached skill level 7 in Armour
   471 | D        | Reached skill level 8 in Dodging
   471 | D        | Reached skill level 8 in Invocations
   471 | D        | Gained mutation: You are immune to freezing clouds. [demonic ancestry]
   471 | D        | Reached XP level 8. HP: 25/69 MP: 9/14
   476 | D        | Killed a cyclops
   476 | D        | Reached ** piety under Okawaru
   476 | D        | Reached skill level 9 in Fighting
   476 | D        | Reached skill level 8 in Armour
   476 | D        | Reached skill level 9 in Invocations
   831 | D        | Noticed a giant frog
   831 | D        | Noticed a porcupine
   831 | D        | Noticed a giant frog
   831 | D        | Noticed a wolf
   831 | D        | Noticed a komodo dragon
   831 | D        | Noticed a spiny frog
   835 | D        | Noticed a porcupine
   836 | D        | Killed a spiny frog
   836 | D        | Reached skill level 9 in Polearms
   836 | D        | Reached skill level 10 in Invocations
   840 | D        | Noticed a wolf
   840 | D        | Killed a komodo dragon
   840 | D        | Reached *** piety under Okawaru
   840 | D        | Reached skill level 9 in Dodging
   840 | D        | Reached XP level 9. HP: 60/78 MP: 16/16
   846 | D        | Killed a wolf
   849 | D        | Killed a giant frog
   851 | D        | Noticed an iguana
   853 | D        | Killed a porcupine
   853 | D        | Reached skill level 10 in Fighting
   853 | D        | Reached skill level 9 in Armour
   855 | D        | Killed a giant frog
   859 | D        | Killed a porcupine
   859 | D        | Reached skill level 11 in Invocations
   865 | D        | Killed a wolf
   870 | D        | Killed an iguana
  1044 | D        | Noticed a five-headed hydra
  1044 | D        | Noticed a spiny frog
  1044 | D        | Noticed a hippogriff
  1044 | D        | Noticed a water moccasin
  1044 | D        | Noticed a black mamba
  1047 | D        | Killed a black mamba
  1051 | D        | Killed a water moccasin
  1052 | D        | Noticed a black mamba
  1055 | D        | Killed a hippogriff
  1055 | D        | Reached **** piety under Okawaru
  1055 | D        | Received a gift from Okawaru
  1055 | D        | Reached skill level 10 in Polearms
  1058 | D        | Killed a five-headed hydra
  1058 | D        | Reached skill level 10 in Dodging
  1058 | D        | Reached skill level 12 in Invocations
  1058 | D        | Killed a spiny frog
  1058 | D        | Reached skill level 11 in Fighting
  1058 | D        | Reached skill level 10 in Armour
  1058 | D        | Gained mutation: You are partially covered in icy blue scales (AC +1). [demonic ancestry]
  1058 | D        | Reached XP level 10. HP: 54/87 MP: 16/19
  1069 | D        | Killed a black mamba
  1069 | D        | Received a gift from Okawaru
  1072 | D        | Noticed an oklob plant
  1073 | D        | HP: 18/88 [acid (8)]
  1078 | D        | HP: 13/88 [poisoned by a black mamba]
  1083 | D        | HP: 10/88 [poisoned by a black mamba]
  1089 | D        | HP: 7/88 [poisoned by a black mamba]
  1094 | D        | HP: 7/88 [poisoned by a black mamba]
  1101 | D        | HP: 6/88 [poisoned by a black mamba]
  1109 | D        | HP: 6/88 [poisoned by a black mamba]
  1451 | D        | Noticed a death yak
  1466 | D        | Killed an oklob plant
  1618 | D        | Killed a death yak
  1618 | D        | Reached skill level 13 in Invocations
  1648 | D        | Noticed a yak
  1648 | D        | Noticed a yak
  1648 | D        | Noticed a death yak
  1648 | D        | Noticed a yak
  1648 | D        | Noticed a catoblepas
  1648 | D        | Noticed a death yak
  1653 | D        | Noticed a catoblepas
  1971 | D        | Killed a yak
  2002 | D        | Killed a yak
  2002 | D        | Reached skill level 11 in Polearms
  2002 | D        | Reached skill level 11 in Dodging
  2029 | D        | Killed a yak
  2085 | D        | HP: 20/89 [death yak (14)]
  2090 | D        | HP: 14/89 [death yak (11)]
  2096 | D        | HP: 7/89 [death yak (11)]
  2099 | D        | Killed a death yak
  2099 | D        | Reached ***** piety under Okawaru
  2099 | D        | Reached skill level 12 in Fighting
  2392 | D        | HP: 5/89 [catoblepas (18)]
  2403 | D        | HP: 5/89 [catoblepas (26)]
  2409 | D        | Slain by a catoblepas

Vault maps used:
D:        linesprint

Action                   |  1- 3 |  4- 6 |  7- 9 | 10-12 || total
-------------------------+-------+-------+-------+-------++-------
Melee: Trident           |    16 |     3 |       |       ||    19
       Halberd           |       |    45 |    60 |   109 ||   214
Invok: Heroism           |       |     1 |     2 |     1 ||     4
Evoke: Wand              |       |       |     6 |     1 ||     7
  Use: Potion            |     1 |       |       |     6 ||     7
 Stab: Sleeping          |       |       |     1 |       ||     1
       Petrifying        |       |       |       |     1 ||     1
  Eat: Bread ration      |       |       |     1 |     1 ||     2

Vault maps used:
D:        linesprint

Table legend:
 A = Turns spent in this place as a percentage of turns spent in the entire game.
 B = Non-inter-level travel turns spent in this place as a percentage of non-inter-level travel turns spent in the entire game.
 C = Inter-level travel turns spent in this place as a percentage of turns spent in this place.
 D = Turns resting spent in this place as a percentage of non-inter-level travel turns spent in this place.
 E = Turns spent auto-exploring this place as a percentage of non-inter-level travel turns spent in this place.
 F = Non-inter-level travel turns spent in this place divided by the number of levels of this place that you've seen.
                   A       B       C       D       E      F
               +-------+-------+-------+-------+-------+----------------------
         Total | 100.0 | 100.0 |   0.0 |   3.1 |   0.4 | 772.0
       Dungeon | 100.0 | 100.0 |   0.0 |   3.1 |   0.4 | 772.0
               +-------+-------+-------+-------+-------+----------------------

Table legend:
 A = Kills in this place as a percentage of kills in entire the game.
 B = Kills by you in this place as a percentage of kills by you in the entire game.
 C = Kills by friends in this place as a percentage of kills by friends in the entire game.
 D = Other kills in this place as a percentage of other kills in the entire game.
 E = Experience gained in this place as a percentage of experience gained in the entire game.
 F = Experience gained in this place divided by the number of levels of this place that you have seen.
                   A       B       C       D       E      F
               +-------+-------+-------+-------+-------+----------------------
         Total | 100.0 | 100.0 |  -nan |  -nan | 100.0 | 9356.0
       Dungeon | 100.0 | 100.0 |  -nan |  -nan | 100.0 | 9356.0
               +-------+-------+-------+-------+-------+----------------------
